 Dungeon Crawl Stone Soup version 0.21-a0-582-g1b93aee (webtiles) character file.

741 mopl the Covered (level 7, 0/56 HPs)
             Began as a Gnoll Wanderer on Dec 19, 2017.
             Hit by a stone thrown by an orc warrior (10 damage)
             ... on level 5 of the Dungeon.
             The game lasted 00:06:28 (3740 turns).

mopl the Covered (Gnoll Wanderer)                   Turns: 3740, Time: 00:06:29

Health: 0/56       AC:  9    Str: 16    XL:     7   Next: 75%
Magic:  10/10      EV: 11    Int: 14    God:
Gold:   295        SH:  0    Dex: 15    Spells: 11/11 levels left

rFire    . . .     SeeInvis .   i - +0 whip (venom)
rCold    . . .     Gourm    .   (no shield)
rNeg     . . .     Faith    .   a - +2 scale mail
rPois    .         Spirit   .   (no helmet)
rElec    .         Reflect  .   (no cloak)
rCorr    .         Harm     .   (no gloves)
MR       .....                  (no boots)
Stlth    +.........             (no amulet)
HPRegen  0.18/turn              (no ring)
MPRegen  0.12/turn              (no ring)

@: no status effects
A: distributed training, fangs 1, strong nose
a: no special abilities


You were on level 5 of the Dungeon.
You were not hungry.

You visited 1 branch of the dungeon, and saw 5 of its levels.

You collected 295 gold pieces.

Inventory:

Hand Weapons
 b - a +0 hand crossbow
 i - a +0 whip of venom (weapon)
 A - a +1 dagger of venom
Missiles
 c - 36 bolts
 o - 204 stones (quivered)
 p - 61 arrows
 s - 4 tomahawks
 w - 6 javelins
Armour
 a - a +2 scale mail (worn)
 D - a +0 helmet
Wands
 t - a wand of clouds (1)
 E - a wand of flame (30)
Scrolls
 e - 11 scrolls of identify {unknown}
 g - 2 scrolls of noise {unknown}
 h - a scroll of teleportation {unknown}
 j - 9 scrolls of remove curse {unknown}
 n - 2 scrolls of random uselessness {unknown}
 q - a scroll of magic mapping {unknown}
 u - a scroll of fog {unknown}
 v - a scroll of blinking {unknown}
 z - a scroll of amnesia {unknown}
 C - a scroll of enchant weapon {unknown}
Potions
 d - 3 potions of curing
 k - a potion of heal wounds {unknown}
 l - a potion of agility {unknown}
 m - a potion of magic {unknown}
 r - a potion of cancellation {unknown}
 x - a potion of flight {unknown}
 B - a potion of brilliance {unknown}
Books
 y - a book of Air

   Spells                             Type                      Level
   a - Shock                          Conjuration/Air              1
   b - Swiftness                      Charms/Air                   2
   c - Static Discharge               Conjuration/Air              3
   d - Airstrike                      Air                          4
   e - Lightning Bolt                 Conjuration/Air              5
Comestibles
 f - 10 rations
 F - 3 chunks of flesh


   Skills:
 + Level 5.3 Fighting
 + Level 2.6 Short Blades
 + Level 2.6 Long Blades
 + Level 2.6 Axes
 + Level 2.6 Maces & Flails
 + Level 2.6 Polearms
 + Level 2.6 Staves
 + Level 2.6 Slings
 + Level 2.6 Bows
 + Level 7.1 Crossbows
 + Level 2.6 Throwing
 + Level 7.1 Armour
 + Level 2.6 Dodging
 + Level 2.6 Stealth
 + Level 5.3 Shields
 + Level 2.6 Unarmed Combat
 + Level 2.6 Spellcasting
 + Level 2.1 Conjurations
 + Level 2.1 Hexes
 + Level 2.1 Charms
 + Level 2.1 Summonings
 + Level 2.1 Necromancy
 + Level 2.1 Translocations
 + Level 2.1 Transmutations
 + Level 2.1 Fire Magic
 + Level 2.1 Ice Magic
 + Level 2.1 Air Magic
 + Level 2.1 Earth Magic
 + Level 2.1 Poison Magic
 + Level 2.9 Invocations
 + Level 2.6 Evocations


You had 11 spell levels left.
You didn't know any spells.

Dungeon Overview and Level Annotations

Branches:
Dungeon (5/15)
 Temple: D:4-7

Altars:
Nemelex Xobeh
Okawaru


Innate Abilities, Weirdness & Mutations

Your experience applies equally to all skills.
You have very sharp teeth.
Your uncanny sense of smell can sniff out nearby items.


Message History

The orc warrior hits you with a trident!
You hit the orc warrior.
The orc warrior looks as sick as possible!
The orc warrior is lightly wounded.
The orc warrior hits you with a trident!
* * * LOW HITPOINT WARNING * * *
The orc warrior barely misses you.
Items here: )) [[ †† The orc warrior throws a stone.
The stone hits you but does no damage.
Things that are here:
a stone; a short sword The orc warrior throws a stone.
The stone hits you but does no damage.
Throwing (i - inventory. (,) - cycle):
o - 205 stones (quivered)
Press: ? - help, Shift-Dir - straight line, f - orc warrior
Aim: an orc warrior, wielding a trident and wearing a plate armour (almost dead, poisoned)
You throw a stone.
The stone completely misses the orc warrior.
Unknown command.
The orc warrior throws a stone.
The stone hits you!
You die...

########
#<(.)..#
#.#####o####.###
#.......##......
######.....#.###
##(####@#
#.o....#
########


You could see an orc warrior.

Vanquished Creatures
  Grinder (D:3)
  3 electric eels (D:4)
  A howler monkey (D:4)
  An orc priest (D:5)
  4 orc wizards
  A worker ant (D:3)
  A hound skeleton (D:4)
  7 adders
  An ooze (D:1)
  An adder skeleton (D:4)
  3 worms
  2 dart slugs (D:1)
  2 leopard geckos (D:3)
  19 orcs
  6 giant cockroaches
  10 goblins
  10 hobgoblins
  7 jackals
  4 quokkas
  A ball python (D:1)
  14 bats
  7 frilled lizards
  12 kobolds
  10 rats
128 creatures vanquished.

Notes
Turn   | Place    | Note
-------+----------+-------------------------------------------
     0 | D:1      | mopl the Gnoll Wanderer began the quest for the Orb.
     0 | D:1      | mopl set off with: a +2 scale mail, a +0 hand crossbow, 22 bolts, a potion of curing, a ration
     0 | D:1      | Reached XP level 1. HP: 20/20 MP: 1/1
    62 | D:1      | Reached XP level 2. HP: 17/26 MP: 2/2
   182 | D:1      | Reached XP level 3. HP: 31/31 MP: 3/3
   494 | D:1      | Reached skill level 1 in Invocations
   802 | D:2      | Reached skill level 1 in Short Blades
   802 | D:2      | Reached skill level 1 in Long Blades
   802 | D:2      | Reached skill level 1 in Axes
   802 | D:2      | Reached skill level 1 in Maces & Flails
   802 | D:2      | Reached skill level 1 in Polearms
   802 | D:2      | Reached skill level 1 in Staves
   802 | D:2      | Reached skill level 1 in Slings
   802 | D:2      | Reached skill level 1 in Bows
   802 | D:2      | Reached skill level 1 in Throwing
   802 | D:2      | Reached skill level 1 in Dodging
   802 | D:2      | Reached skill level 1 in Stealth
   802 | D:2      | Reached skill level 1 in Unarmed Combat
   802 | D:2      | Reached skill level 1 in Spellcasting
   802 | D:2      | Reached skill level 1 in Evocations
   911 | D:2      | Reached XP level 4. HP: 35/38 MP: 5/5
  1068 | D:2      | Found an iron altar of Okawaru.
  1341 | D:2      | Reached skill level 1 in Conjurations
  1341 | D:2      | Reached skill level 1 in Hexes
  1341 | D:2      | Reached skill level 1 in Charms
  1341 | D:2      | Reached skill level 1 in Summonings
  1341 | D:2      | Reached skill level 1 in Necromancy
  1341 | D:2      | Reached skill level 1 in Translocations
  1341 | D:2      | Reached skill level 1 in Transmutations
  1341 | D:2      | Reached skill level 1 in Fire Magic
  1341 | D:2      | Reached skill level 1 in Ice Magic
  1341 | D:2      | Reached skill level 1 in Air Magic
  1341 | D:2      | Reached skill level 1 in Earth Magic
  1341 | D:2      | Reached skill level 1 in Poison Magic
  1559 | D:3      | Reached XP level 5. HP: 39/43 MP: 6/6
  1674 | D:3      | Noticed Grinder
  1678 | D:3      | Paralysed by Grinder for 2 turns
  1684 | D:3      | Killed Grinder
  1684 | D:3      | Reached skill level 5 in Fighting
  1684 | D:3      | Reached skill level 2 in Short Blades
  1684 | D:3      | Reached skill level 2 in Long Blades
  1684 | D:3      | Reached skill level 2 in Axes
  1684 | D:3      | Reached skill level 2 in Maces & Flails
  1684 | D:3      | Reached skill level 2 in Polearms
  1684 | D:3      | Reached skill level 2 in Staves
  1684 | D:3      | Reached skill level 2 in Slings
  1684 | D:3      | Reached skill level 2 in Bows
  1684 | D:3      | Reached skill level 2 in Throwing
  1684 | D:3      | Reached skill level 2 in Dodging
  1684 | D:3      | Reached skill level 2 in Stealth
  1684 | D:3      | Reached skill level 5 in Shields
  1684 | D:3      | Reached skill level 2 in Unarmed Combat
  1684 | D:3      | Reached skill level 2 in Spellcasting
  1684 | D:3      | Reached skill level 2 in Invocations
  1684 | D:3      | Reached skill level 2 in Evocations
  1684 | D:3      | Reached XP level 6. HP: 41/51 MP: 7/9
  2324 | D:3      | Reached XP level 7. HP: 53/56 MP: 10/10
  2742 | D:4      | Reached skill level 7 in Crossbows
  2742 | D:4      | Reached skill level 7 in Armour
  2952 | D:4      | Found a sparkling altar of Nemelex Xobeh.
  3043 | D:4      | Found a transporter.
  3092 | D:4      | Found a transporter.
  3289 | D:4      | Reached skill level 2 in Conjurations
  3289 | D:4      | Reached skill level 2 in Hexes
  3289 | D:4      | Reached skill level 2 in Charms
  3289 | D:4      | Reached skill level 2 in Summonings
  3289 | D:4      | Reached skill level 2 in Necromancy
  3289 | D:4      | Reached skill level 2 in Translocations
  3289 | D:4      | Reached skill level 2 in Transmutations
  3289 | D:4      | Reached skill level 2 in Fire Magic
  3289 | D:4      | Reached skill level 2 in Ice Magic
  3289 | D:4      | Reached skill level 2 in Air Magic
  3289 | D:4      | Reached skill level 2 in Earth Magic
  3289 | D:4      | Reached skill level 2 in Poison Magic
  3705 | D:5      | Entered Level 5 of the Dungeon
  3740 | D:5      | Hit by a stone thrown by an orc warrior

Vault maps used:
D:1:      mainiacjoe_arrival_reflecting_pool, hangedman_decor_push,
          hangedman_feature_mirror
D:2:      overflow_temple_1_default, corexii_corridor_pit
D:3:      grunt_ministairs_5, guppyfry_early_lair_pool, uniq_grinder
D:4:      gammafunk_steamed_eel, lemuel_doored_altar, first_ration
D:5:      kennysheep_cross_bottleneck

Skill      XL: |  1  2  3  4  5  6  7 |
---------------+----------------------+-----
Invocations    | 1 2 |  2.9
Short Blades   | 1 2 |  2.6
Long Blades    | 1 2 |  2.6
Axes           | 1 2 |  2.6
Maces & Flails | 1 2 |  2.6
Polearms       | 1 2 |  2.6
Staves         | 1 2 |  2.6
Slings         | 1 2 |  2.6
Bows           | 1 2 |  2.6
Throwing       | 1 2 |  2.6
Dodging        | 1 2 |  2.6
Stealth        | 1 2 |  2.6
Unarmed Combat | 1 2 |  2.6
Spellcasting   | 1 2 |  2.6
Evocations     | 1 2 |  2.6
Conjurations   | 1 2 |  2.1
Hexes          | 1 2 |  2.1
Charms         | 1 2 |  2.1
Summonings     | 1 2 |  2.1
Necromancy     | 1 2 |  2.1
Translocations | 1 2 |  2.1
Transmutations | 1 2 |  2.1
Fire Magic     | 1 2 |  2.1
Ice Magic      | 1 2 |  2.1
Air Magic      | 1 2 |  2.1
Earth Magic    | 1 2 |  2.1
Poison Magic   | 1 2 |  2.1
Fighting       | 5 |  5.3
Shields        | 5 |  5.3
Crossbows      | 7 |  7.1
Armour         | 7 |  7.1

Action                   |  1- 3 |  4- 6 |  7- 9 || total
-------------------------+-------+-------+-------++-------
Melee: Whip              |    62 |   202 |   100 ||   364
       Bite              |     8 |    22 |    14 ||    44
       Punch             |       |     1 |     1 ||     2
 Fire: Hand crossbow     |    35 |     7 |       ||    42
Throw: Stone             |       |       |     1 ||     1
Evoke: Wand              |       |       |     5 ||     5
  Use: Potion            |       |       |     1 ||     1
  Eat: Chunk             |       |     5 |     4 ||     9
Armor: Scale mail        |    46 |    92 |    47 ||   185
Dodge: Dodged            |    42 |    94 |    45 ||   181

Table legend:
 A = Spawn XP
 B = Non-spawn XP
 C = Spawn XP percentage of total XP
 D = Spawn monster count
 E = Non-spawn monster count
 F = Spawn count percentage of total count
 G = Total turns spent on level
                    A         B        C        D         E        F      G
               +---------+---------+-------+---------+---------+-------+---------
         Total |       0 |    1059 |   0.0 |       0 |     128 |   0.0 |  3740
               +---------+---------+-------+---------+---------+-------+---------
           D:1 |       0 |      71 |   0.0 |       0 |      40 |   0.0 |   786
           D:2 |       0 |      76 |   0.0 |       0 |      25 |   0.0 |   682
           D:3 |       0 |     533 |   0.0 |       0 |      47 |   0.0 |  1047
           D:4 |       0 |     329 |   0.0 |       0 |      12 |   0.0 |  1190
           D:5 |       0 |      50 |   0.0 |       0 |       4 |   0.0 |    35
               +---------+---------+-------+---------+---------+-------+---------
